 Dungeon Crawl Stone Soup version 0.31-a0-986-g5e6e4ef867 (webtiles) character file.

Game seed: 6704131659868064181

71 sammy202020 the Changeling (level 4, 42/42 HPs)
             Began as a Troll Shapeshifter on Nov 9, 2023.
             Quit the game on level 3 of the Dungeon.
             The game lasted 00:02:00 (1618 turns).

sammy202020 the Changeling (Troll Shapeshifter)     Turns: 1618, Time: 00:02:01

Health: 42/42      AC:  8    Str: 22    XL:     4   Next: 5%
Magic:  3/3        EV: 14    Int:  8    God:
Gold:   163        SH:  0    Dex:  9    Spells: 3/3 levels left

rFire   . .          .
                       - Unarmed
rCold   . . .        (no shield)
rNeg    . . .        a - +0 animal skin
rPois   .            (helmet currently unavailable)
rElec   .            (cloak currently unavailable)
rCorr   .            (gloves unavailable)
SInv    .            (boots unavailable)
Will    .....        (no amulet)
Stlth   +            e - +4 ring of protection
HPRegen 1.07/turn    i - +5 ring of evasion
MPRegen 0.08/turn

%: no passive effects
@: beast-form
A: beast (slay +2), large, unfitting armour, claws 3, regeneration 1, shaggy fur
1, tough skin 1
a: Begin Untransformation


You were on level 3 of the Dungeon.
You were a hulking beast.
You visited 1 branch of the dungeon, and saw 3 of its levels.

You collected 163 gold pieces.

Inventory:

Armour
 a - a +0 animal skin (worn)
Jewellery
 e - a +4 ring of protection (left claw)
 i - a +5 ring of evasion (right claw)
Talismans
 c - a beast talisman
 d - a flux talisman
Wands
 l - a wand of roots (5)
Scrolls
 g - 2 scrolls of identify
 j - a scroll of fog
 k - 2 scrolls of immolation
Potions
 b - a potion of lignification
 f - 2 potions of curing
 h - 2 potions of haste
 m - a potion of attraction {unknown}


   Skills:
 * Level 1.7 Fighting
 + Level 0.7 Armour
 + Level 1.9 Dodging
 * Level 3.4 Unarmed Combat
 * Level 3.5 Shapeshifting


You had 3 spell levels left.
You didn't know any spells.
Your spell library contained the following spells:

 Spells                   Type           Power      Damage    Failure   Level
 Ensorcelled Hibernation  Hex/Ice        0%         N/A       54%         2
 Lesser Beckoning         Tloc           0%         N/A       54%         2
 Passwall                 Tmut/Erth      0%         N/A       54%         2
 Sublimation of Blood     Necr           0%         N/A       54%         2
 Wereblood                Tmut           0%         N/A       54%         2
 Gell's Gravitas          Tloc           0%         N/A       78%         3
 Swiftness                Air            0%         N/A       78%         3
 Teleport Other           Tloc           0%         N/A       78%         3
 Summon Hydra             Summ           0%         N/A       100%        7


Dungeon Overview and Level Annotations

Branches:
Dungeon (3/15)

Altars:
Wu Jian


Innate Abilities, Weirdness & Mutations

You are a hulking beast.
Your limbs bulge with bestial killing power. (Slay +2)
You are too large for most types of armour.
You have claws for hands.
Your natural rate of healing is unusually fast.
You are covered in fur. (AC +1)
You have tough skin. (AC +1)


Message History

m - a sapphire potion
Found a stone staircase leading up.
There is a stone staircase leading up here.
There is a stone staircase leading up here.
A frilled lizard comes into view.
The frilled lizard hisses angrily.
No target in view!
No target in view!
No target in view!
No target in view!
No target in view!
No target in view!
No target in view!
No target in view!
No target in view!
No target in view!
No target in view!
No target in view!
No target in view!
A frilled lizard is nearby!
A frilled lizard is nearby!
A frilled lizard is nearby!
You closely miss the frilled lizard. You scratch the frilled lizard.
You kill the frilled lizard!
No target in view!
No target in view!
No target in view!
No target in view!
No target in view!
No target in view!
No target in view!
No target in view!
No target in view!
No target in view!
You see here a frilled lizard corpse.
You see here a +0 helmet.
Done exploring.
Done exploring.
Are you sure you want to abandon this character and quit the game? (Confirm with "yes".)

#.####.. ##.##....
#..##.##. #[###.##.
###.....##.
#...######. #.#.# ##
####### #.#.# #
#.h...###.#.# #
##.##.##..#.# #
###........#.# #
#......##....# #
#.........##.# #
#.......############
#(..................
#.........#.#######.
#......####.## ###..


There were no monsters in sight!

Vanquished Creatures
  A worm (D:3)
  2 dart slugs (D:3)
  11 endoplasms
  2 giant cockroaches
  6 goblins
  9 hobgoblins
  A quokka (D:3)
  3 ball pythons
  4 bats
  4 frilled lizards
  7 kobolds
  8 rats
58 creatures vanquished.

Notes
Turn   | Place    | Note
-------+----------+-------------------------------------------
     0 | D:1      | sammy202020 the Troll Shapeshifter began the quest for the
                  | Orb.
     0 | D:1      | Reached XP level 1. HP: 18/18 MP: 0/0
    77 | D:1      | Reached skill level 1 in Fighting
   162 | D:1      | Reached XP level 2. HP: 27/27 MP: 1/1
   643 | D:2      | Found an ornate altar of the Wu Jian Council.
   739 | D:2      | Reached XP level 3. HP: 33/33 MP: 2/2
  1377 | D:3      | Reached XP level 4. HP: 39/42 MP: 3/3
  1618 | D:3      | Quit the game

Illustrated notes

Levels and vault maps discovered:
D:1:      dpeg_arrival_more_subterranean_lakeside_camping, layout_rooms
D:2:      layout_loops_ring, basic_altar, chequers_garden
D:3:      layout_rooms, serial_park_tiny_pond, kennysheep_generic_room_2

Skill      XL: |  1 |
---------------+----+-----
Fighting       | 1 |  1.7
Armour         | |  0.7
Dodging        | |  1.9
Unarmed Combat | |  3.4
Shapeshifting  | |  3.5

Action                     |  1- 3 |  4- 6 || total
---------------------------+-------+-------++-------
  Melee: Unarmed           |   103 |     9 ||   112
         Punch             |     3 |       ||     3
    Use: Potion            |     4 |       ||     4
         Scroll            |     5 |       ||     5
 Armour: Animal skin       |    47 |     3 ||    50
  Dodge: Dodged            |    51 |     3 ||    54

Table legend: (Time is in decaauts)
 A = Elapsed time spent in this place.
 B = Non-inter-level travel time spent in this place.
 C = Inter-level travel time spent in this place.
 D = Time resting spent in this place.
 E = Time spent auto-exploring this place.
 F = Levels seen in this place.
 G = Mean time per level.
                   A        B        C        D        E       F      G
               +--------+--------+--------+--------+--------+-----+--------+
         Total |   1609 |   1609 |      0 |      0 |   1229 |   3 |  536.3 |
       Dungeon |   1609 |   1609 |      0 |      0 |   1229 |   3 |  536.3 |
               +--------+--------+--------+--------+--------+-----+--------+

Top non-repeatable levels by time:
     D:1: 576 daAuts
     D:3: 532 daAuts
     D:2: 500 daAuts
